Unix NetHack Version 5.0.0-0 post-release - last build May  4 2026 22:22:43 (774f63e81ad911689b3a0859ea89b322d5daca8d,branch:main).

Game began 2026-05-09 21:55:27, ended 2026-05-10 00:48:12.

Kwijibo4686, neutral female human Valkyrie

                       --------------------------------
                       |..............................|
                       |.-----|--....----   .-----+--.|
                       |.|@---..|....|..|  -.|!((|  |.|
                       |.-.!%|.{|....|..|  |.|(((|  |.|
                       |.|-------....|..|  +.|...|  |.|
                       |.|....|......--|----.--|----|.|
                       |.|....|)-)--.......%.....|..|.|
                       |.|.[..|.|..||--..{..-|--.-..|.|
                       |.|....-[|..|..|.--|-|..|.----.|
                      #|.|-----.|*.|..|.|...|..|......|
                    ###-.|((.|..|------||...|-----|--.|
                    # #|.|(..|..|  |....|...|..| ...|.|
                    #  |.|((.-..+  |....|...|..|....|.|
          -----    ##  |.-----..--------------+------.|
          |....  ##### |..............................|
          |...|  ##    --------------------------------
          |..<.###
          -----

Kwijibo4686 the Fighter     St:16 Dx:14 Co:18 In:9 Wi:9 Ch:8  Neutral
Dlvl:6  $:18 HP:0(65) Pw:17(17) AC:4  Xp:7 T:3511 

Latest messages:
 The snake bites!
 You miss the snake.
 The snake bites!
 You miss the snake.
 The snake bites!
 You miss the snake.
 The snake bites!
 The snake's bite was poisoned!
 The snake bites!
 You hit the snake!
 The snake bites!
 The snake's bite was poisoned!
 You hit the snake!
 The snake bites!
 The snake's bite was poisoned!
 You feel weaker!
 You kill the snake!
 You see here a snake corpse.
 The door resists!
 The door opens.
 The door opens.
 "Velkommen, Kwijibo4686!  Welcome to Djombang's delicatessen!"
 You see here 2 food rations (for sale, 120 zorkmids).
 That ice box is a small mimic!
 The small mimic hits!
 You hit the small mimic!
 You miss the small mimic.
 You miss the small mimic.
 You hit the small mimic.
 The small mimic hits!
 You miss the small mimic.
 You hit the small mimic!
 You hit the small mimic!
 You miss the small mimic.
 You hit the small mimic.
 You hit the small mimic.
 The small mimic hits!
 Are you sure you want to pray? [yn] (n) y
 You begin praying to Odin.
 You finish your prayer.
 You feel that Odin is displeased.
 What do you want to zap? [qG or ?*] q
 In what direction? 6
 You kill the small mimic!
 Welcome to experience level 7.
 You feel quick!
 The death ray bounces!
 The death ray hits you!
 Djombang gratefully inherits all your possessions.
 Do you want to see what you had when you died? [ynq] (y) q

Inventory:
 Coins    ('$')
  $ - 18 gold pieces
 Weapons  (')')
  y - a +1 spear (weapon in right hand)
 Armor    ('[')
  x - an uncursed +0 pair of iron shoes (being worn)
  u - an uncursed +0 scale mail (being worn)
 Rings    ('=')
  d - an uncursed +1 ring of increase damage
 Wands    ('/')
  q - a cursed wand of death (0:2)
  G - a wand of striking (0:4)
 Tools    ('(')
  a - an uncursed oilskin sack containing 5 items
  e - an uncursed wax candle

Contents of the oilskin sack:
  an uncursed slime mold
  3 uncursed food rations
  an uncursed lembas wafer
  an uncursed tripe ration
  an uncursed lichen corpse

Kwijibo4686 the Valkyrie's attributes:

Background:
 You were a Fighter, a level 7 human Valkyrie.
 You were neutral, on a mission for Odin
 who was opposed by Tyr (lawful) and Loki (chaotic).
 You were right-handed.
 You were in the Gnomish Mines, on level 6.
 You entered the dungeon 3511 turns ago.
 It was the midnight hour.
 You had 662 experience points, 618 more were needed to attain level 8.

Basics:
 You had 0 out of 65 hit points.
 You had all 17 energy points (spell power).
 Your armor class was 4.
 Your wallet contained 18 zorkmids.
 Autopickup was on, but temporarily disabled while inside the shop.

Final Characteristics:
 Your strength was 16 (peak:18, limit:18/100).
 Your dexterity was 14 (limit:18).
 Your constitution was 18 (limit:18).
 Your intelligence was 9 (limit:18).
 Your wisdom was 9 (limit:18).
 Your charisma was 8 (limit:18).

Final Status:
 You weren't hungry.
 You were unencumbered.
 You were wielding a spear.
 You were skilled in spear.

Final Attributes:
 You were piously aligned.
 You were cold resistant.
 You were stealthy.
 You were warded.
 Your spell casting was impaired by metallic armor.
 You were fast.
 You were unlucky.
 You are dead.

Miscellaneous:
 You didn't encounter any bones levels.
 Total elapsed playing time was 26 minutes and 25 seconds.

Major events:
 Turn
    1: Kwijibo4686 the neutral human Valkyrie entered the dungeon
  728: attained the rank of Skirmisher (level 3)
  949: entered the Gnomish Mines
 2445: attained the rank of Fighter (level 6)
 3154: reached Mine Town
 3511: killed by a death ray

Spells:
 Name                 Level Category     Fail Retention
 confuse monster        1   enchantment  100%  76%-100%

Skills:
 Fighting Skills
   bare handed combat [Unskilled]
   two weapon combat  [Unskilled]
   riding             [Unskilled]
 Weapon Skills
   dagger             [Basic]
   axe                [Unskilled]
   pick-axe           [Unskilled]
   short sword        [Unskilled]
   broadsword         [Unskilled]
   long sword         [Unskilled]
   two-handed sword   [Unskilled]
   saber              [Unskilled]
   hammer             [Unskilled]
   quarterstaff       [Unskilled]
   polearms           [Unskilled]
   spear              [Skilled]
   trident            [Unskilled]
   lance              [Unskilled]
   sling              [Unskilled]
 Spellcasting Skills
   attack spells      [Unskilled]
   escape spells      [Unskilled]

Voluntary challenges:
 Character rerolling was not enabled.
 You never genocided any monsters.
 You never polymorphed an object.
 You never changed form.
 You used no wishes.
Achievements:
 You entered a shop.
 You attained the rank of Skirmisher.
 You entered the Gnomish Mines.
 You attained the rank of Fighter.
 You entered Minetown.
 You entered a temple.

 The Dungeons of Doom: levels 1 to 4
    Level 1:
    Level 2:
       A scroll shop, an altar to Odin, some fountains.
    Level 3:
       A sink.
       Stairs down to The Gnomish Mines.
    Level 4:
 The Gnomish Mines: levels 4 to 6
    Level 4:
    Level 5:
    Level 6: <- You were here.
       Many shops, a temple and an altar, a fountain, a sink.
       Final resting place for
          you, killed by a death ray.


Vanquished creatures:
  a small mimic
  a snake
  a bugbear
  a mountain nymph
  a shrieker
  5 gnome leaders
  2 gnomish wizards
  a gray ooze
  a little dog
  6 dwarves
  3 hill orcs
  4 rothes
  2 rabid rats
  a giant bat
  5 monkeys
 an iguana
  2 coyotes
  3 hobbits
  a hobgoblin
  3 cave spiders
  a yellow mold
 18 gnomes
  2 gnome zombies
  2 geckos
  8 jackals
  2 foxes
  a kobold
  2 goblins
  6 grid bugs
  3 lichens
  a kobold zombie
  7 newts
98 creatures vanquished.

No species were genocided or became extinct.

Game over:
                       ----------
                      /          \
                     /    REST    \
                    /      IN      \
                   /     PEACE      \
                  /                  \
                  |   Kwijibo4686    |
                  |      18 Au       |
                  |   killed by a    |
                  |    death ray     |
                  |                  |
                  |                  |
                  |       2026       |
                 *|     *  *  *      | *
        _________)/\\_//(\/(/\)/\//\/|_)_______

Farvel Kwijibo4686 the Valkyrie...

You died in The Gnomish Mines on dungeon level 6 with 2915 points,
and 18 pieces of gold, after 3511 moves.
You were level 7 with a maximum of 65 hit points when you died.

